 Dungeon Crawl Stone Soup version 0.30.0-29-ga12c61a403 (webtiles) character file.

Game seed: 17994434073584393766

11466 alumie the Severer (level 11, -2/142 HPs)
             Began as a Minotaur Berserker on June 23, 2023.
             Was a Priest of Trog.
             Slain by an ogre
             ... wielding a +0 giant spiked club
             ... led by Lodul
              (11 damage)
             ... on level 11 of the Dungeon on June 24, 2023.
             The game lasted 01:29:10 (12501 turns).

alumie the Severer (Minotaur Berserker)            Turns: 12501, Time: 01:29:11

Health: -2/142     AC: 25    Str: 25    XL:     11   Next: 49%
Magic:  2/10       EV:  2    Int:  8    God:    Trog [***...]
Gold:   303        SH: 13    Dex: 11    Spells: 10/10 levels left

rFire   . . .        y - +1 war axe of Pysch {venom, Int+4}
rCold   + . .        w - +3 kite shield
rNeg    . . .        z - melded +1 plate armour of Resilience {Fly}
rPois   +            e - melded +2 hat of Fuconed {rC- Regen+ Str+8 Dex+2}
rElec   .            (cloak currently unavailable)
rCorr   .            o - melded +3 Mad Mage's Maulers {Infuse+∞ VampMP -Cast}
SInv    .            G - melded +2 pair of boots {Fly}
Will    ++...        (no amulet)
Stlth   +            f - ring of protection from fire
HPRegen 1.43/turn    B - ring of ice
MPRegen 0.12/turn

%: no passive effects
@: tree-form, strong-willed, on berserk cooldown, regenerating, slowed, studying
Armour, very slow
A: stationary, stasis, torment immunity, boosted hp, (horns 2), (retaliatory
headbutt)
a: Renounce Religion, Berserk, Trog's Hand


You were on level 11 of the Dungeon.
You worshipped Trog.
Trog was most pleased with you.
You were a tree.
You visited 2 branches of the dungeon, and saw 12 of its levels.

You collected 647 gold pieces.
You spent 344 gold pieces at shops.

Inventory:

Hand Weapons
 x - a +3 war axe
 y - the +1 war axe of Pysch (weapon) {venom, Int+4}
   (You found it on level 7 of the Dungeon)

   Int:       It affects your intelligence (+4).
Missiles
 b - 43 stones (quivered)
 d - 5 silver boomerangs
Armour
 c - a +0 plate armour
 e - the +2 hat of Fuconed (melded) {rC- Regen+ Str+8 Dex+2}
   (You acquired it on level 2 of the Dungeon)

   Str:       It affects your strength (+8).
   Dex:       It affects your dexterity (+2).
   rC:        It makes you vulnerable to cold.
   Regen:     It increases your rate of health regeneration.
 o - the +3 Mad Mage's Maulers (melded) {Infuse+∞ VampMP -Cast}
   (You acquired it on level 5 of the Dungeon)

   Infuse+∞: It empowers its wearer's blows with all of their magic.
   VampMP:    Blows struck in melee replenish the wearer's magic.
   -Cast:     It prevents spellcasting.
 w - a +3 kite shield (worn)
 z - the +1 plate armour of Resilience (melded) {Fly}
   (You found it on level 10 of the Dungeon)

   Fly:       It grants you flight.
 G - a +2 pair of boots of flying (melded)
Jewellery
 f - a ring of protection from fire (left branch)
 B - a ring of ice (right branch)
Wands
 q - a wand of flame (19)
 s - a wand of iceblast (10)
 D - a wand of paralysis (4)
 J - a wand of digging (6)
Scrolls
 h - a scroll of poison
 l - 4 scrolls of fog
 u - 4 scrolls of teleportation
 E - a scroll of magic mapping
Potions
 g - 2 potions of berserk rage
 i - 4 potions of cancellation
 j - 3 potions of flight
 k - 2 potions of mutation
 m - 7 potions of curing
 n - a potion of might
 p - 3 potions of lignification
 v - a potion of attraction
 A - a potion of invisibility {unknown}
 C - a potion of heal wounds
 F - a potion of magic {unknown}
 I - 2 potions of haste
Miscellaneous
 H - a phial of floods


   Skills:
 + Level 8.7 Fighting
 - Level 17.1 Axes
 + Level 9.1 Armour
 - Level 2.1 Dodging
 + Level 7.8 Shields


You had 10 spell levels left.
You didn't know any spells.
Your spell library contained the following spells:

 Spells                   Type           Power      Damage    Failure   Level
 Dazzling Flash           Conj/Hex       0%         N/A       93%         3
 Stone Arrow              Conj/Erth      0%         3d7       93%         3
 Cause Fear               Hex            0%         N/A       100%        4
 Agony                    Necr           0%         N/A       100%        5
 Silence                  Hex/Air        0%         N/A       100%        5
 Death Channel            Necr           0%         N/A       100%        6
 Dragon Form              Tmut           0%         N/A       100%        7
 Dragon's Call            Summ           0%         N/A       100%        9
 Shatter                  Erth           0%         3d5*      100%        9


Dungeon Overview and Level Annotations

Branches:
Dungeon (11/15)            Temple (1/1) D:5            Lair (0/5) D:10
    Orc: D:9-12

Altars:
Ashenzari
Cheibriados
Dithmenos
Elyvilon
Fedhas
Gozag
Hepliaklqana
Kikubaaqudgha
Makhleb
Nemelex Xobeh
Okawaru
Qazlal
Ru
Sif Muna
Trog
Uskayaw
Vehumet
Wu Jian
Xom
Yredelemnul
Zin
The Shining One

Shops:
D:9 [[!!


Innate Abilities, Weirdness & Mutations

You are a tree.
Your roots penetrate the ground, keeping you stationary.
You cannot be teleported.
You are immune to unholy pain and torment.
Your maximum health is greatly increased.
Your equipment is partially melded.
((You have a pair of horns on your head.))
((You reflexively headbutt those who attack you in melee.))


Message History

The ogre is heavily wounded.
You slash the ogre!
You kill the ogre!
Trog accepts your kill.
You slash Lodul!
Lodul looks as sick as possible!
Your skin stops crawling.
You feel less strong-willed. Lodul hits you with a +0 great mace!!
You block the ogre's attack.
You slice the ogre!!
You kill the ogre!
Trog accepts your kill.
You slash the ogre!
The ogre looks as sick as possible!
You hit Lodul.
Lodul looks as sick as possible!
The ogre hits you with a +0 giant club!
* * * LOW HITPOINT WARNING * * *
You feel better. Lodul hits you with a +0 great mace!
* * * LOW HITPOINT WARNING * * *
You block the ogre's attack.
The ogre hits you with a +0 giant spiked club!
* * * LOW HITPOINT WARNING * * *
Really quaff the potion of lignification?
You turn into a tree.
The +2 hat of Fuconed {rC- Regen+ Str+8 Dex+2} melds into your body.
The +3 Mad Mage's Maulers {Infuse+∞ VampMP -Cast} melds into your body.
Your +2 pair of boots of flying melds into your body.
The +1 plate armour of Resilience {Fly} melds into your body.
The surge of magic dissipates.
You float gracefully downwards. x2
Your roots penetrate the ground.
You block Lodul's attack. You block the ogre's attack.
The ogre completely misses you.
Your skin crawls.
You feel strong-willed. Lodul hits you with a +0 great mace!
* * * LOW HITPOINT WARNING * * *
The ogre hits you but does no damage.
The ogre hits you with a +0 giant spiked club.
* * * LOW HITPOINT WARNING * * *
You feel better.
You kill Lodul!
Trog accepts your kill. You block the ogre's attack.
The ogre hits you with a +0 giant spiked club!
You die...

.. #. .)# ###.#
.... ##.###.####
..........#
#.###.)#.# #.
#.♣#.##
.###OO..<#
..#.##.##
#.#)##)## #
#.#.....#
###.#####..?...##
.#.....O....#####
.........##.#
......##.##.#


You could see 2 ogres.

Vanquished Creatures
  The ghost of turdburglar the Cleaver, a journeyman HOMo of the Shining One (D:10)
  The ghost of safid the Frost Mage, a journeyman MfIE of Vehumet (D:10)
  Fannar (D:11)
  A two-headed ogre (D:9)
  The ghost of Cheops the Covert, a novice AtEE of Uskayaw (D:10)
  Lodul (D:11)
  Pikel (D:8)
  Maggie (D:9)
  Grinder (D:6)
  Sigmund (D:4)
  15 yaks
  2 wyverns
  2 vampire mosquitoes (D:10)
  Grum (D:8)
  2 steam dragons
  A water moccasin (D:6)
  3 black bears
  3 orc warriors
  An ice beast (D:6)
  6 ogres
  2 wolves (D:8)
  A centaur (D:4)
  A lemure (D:8)
  A kobold brigand (D:7)
  4 gnoll sergeants
  4 bullfrogs
  2 scorpions
  14 wights
  10 killer bees
  4 howler monkeys
  A jelly (D:4)
  5 hounds
  2 sleepcaps
  3 orc wizards
  4 iguanas
  17 gnolls
  4 adders
  A shadow imp (D:5)
  2 ufetubi
  A dart slug (D:4)
  4 worms
  26 orcs
  3 endoplasms
  3 giant cockroaches
  14 goblins
  6 hobgoblins
  9 jackals (D:4)
  3 quokkas
  9 ball pythons
  5 bats
  3 frilled lizards
  7 kobolds
  3 rats
224 creatures vanquished.

Notes
Turn   | Place    | Note
-------+----------+-------------------------------------------
     0 | D:1      | alumie the Minotaur Berserker began the quest for the Orb.
     0 | D:1      | Reached XP level 1. HP: 19/19 MP: 0/0
   203 | D:1      | Reached skill level 4 in Axes
   460 | D:1      | Reached XP level 2. HP: 26/26 MP: 1/1
  1318 | D:2      | Found a snail-covered altar of Cheibriados.
  1439 | D:2      | Got Huoth's Monograph on Coarse Darkness
  1469 | D:2      | Reached skill level 5 in Axes
  1588 | D:2      | Reached XP level 3. HP: 31/31 MP: 2/2
  1904 | D:2      | Identified a scroll of acquirement
  1904 | D:2      | Acquired the +2 hat of Fuconed {rC- Regen+ Str+8 Dex+2}
  2063 | D:3      | Noticed a scorpion
  2075 | D:2      | Killed a scorpion
  2076 | D:2      | Reached skill level 6 in Axes
  2076 | D:2      | Reached XP level 4. HP: 36/39 MP: 3/3
  2169 | D:3      | Reached ** piety under Trog
  2191 | D:3      | Noticed an ogre
  2203 | D:3      | Killed an ogre
  2204 | D:3      | Reached skill level 7 in Axes
  2204 | D:3      | Reached XP level 5. HP: 37/45 MP: 4/4
  2550 | D:3      | Found a faded altar of an unknown god.
  2649 | D:3      | Found a glowing silver altar of Zin.
  2651 | D:3      | Found a broken altar of Ashenzari.
  2659 | D:3      | Found a shimmering altar of Xom.
  2663 | D:3      | Found a hazy altar of Hepliaklqana.
  2663 | D:3      | Found a white marble altar of Elyvilon.
  2673 | D:3      | Found a shadowy altar of Dithmenos.
  2674 | D:3      | Found a sacrificial altar of Ru.
  2934 | D:4      | Noticed Sigmund
  2942 | D:4      | Killed Sigmund
  2943 | D:4      | Reached skill level 8 in Axes
  2943 | D:4      | Reached XP level 6. HP: 51/51 MP: 5/5
  3022 | D:4      | Reached skill level 9 in Axes
  3390 | D:4      | Reached XP level 7. HP: 56/57 MP: 6/6
  3801 | D:4      | Reached skill level 10 in Axes
  3981 | D:5      | Entered Level 5 of the Dungeon
  4122 | D:5      | Noticed a yak
  4124 | D:5      | Noticed a yak
  4127 | D:5      | Noticed a yak
  4222 | D:5      | Noticed a yak
  4248 | D:5      | Killed a yak
  4249 | D:5      | Reached skill level 11 in Axes
  4272 | D:5      | Killed a yak
  4273 | D:5      | Reached XP level 8. HP: 57/64 MP: 7/7
  4294 | D:5      | Reached skill level 12 in Axes
  4479 | D:5      | Reached skill level 13 in Axes
  4531 | D:5      | Found a staircase to the Ecumenical Temple.
  4556 | D:5      | Found a glowing drain.
  4612 | D:5      | Acquired the +3 Mad Mage's Maulers {Infuse+∞ VampMP -Cast}
  4612 | D:5      | Found the +3 Mad Mage's Maulers {Infuse+∞ VampMP -Cast}
  5112 | Temple   | Entered the Ecumenical Temple
  5436 | D:6      | Reached skill level 14 in Axes
  5537 | D:6      | Noticed Grinder
  5540 | D:6      | Paralysed by Grinder for 4 turns
  5555 | D:6      | Killed Grinder
  5556 | D:6      | Reached XP level 9. HP: 70/70 MP: 2/8
  6226 | D:7      | Found an ancient bone altar of Kikubaaqudgha.
  6257 | D:7      | Reached *** piety under Trog
  6557 | D:7      | Reached skill level 15 in Axes
  6920 | D:7      | Identified the +1 war axe of Pysch {venom, Int+4}
  7077 | D:7      | Reached skill level 16 in Axes
  7993 | D:8      | Noticed Grum
  8002 | D:8      | Killed Grum
  8185 | D:8      | Reached skill level 17 in Axes
  8191 | D:8      | Reached XP level 10. HP: 77/77 MP: 2/9
  8263 | D:8      | Found a basalt altar of Yredelemnul.
  8386 | D:8      | Found a bloodstained altar of Trog.
  8392 | D:8      | Reached skill level 1 in Shields
  8603 | D:8      | Found a glowing golden altar of the Shining One.
  8701 | D:8      | Noticed Pikel
  8719 | D:8      | Killed Pikel
  8946 | D:9      | Noticed Maggie
  9027 | D:9      | Killed Maggie
  9262 | D:9      | Reached skill level 5 in Fighting
  9423 | D:9      | Found Bydo's Armour Emporium.
  9431 | D:9      | Bought a +2 pair of boots of flying for 344 gold pieces
  9444 | D:9      | Found Yxuymyud's Armour Boutique.
  9922 | D:9      | Found Uhaime Tete's Distillery.
  9982 | D:9      | Noticed a two-headed ogre
  9994 | D:9      | Killed a two-headed ogre
  9995 | D:9      | Reached skill level 5 in Armour
 10078 | D:9      | Found Plog's Distillery.
 10138 | D:9      | Reached skill level 5 in Shields
 10350 | D:10     | Entered Level 10 of the Dungeon
 10473 | D:10     | Noticed a +0 falchion
 10473 | D:10     | Noticed a +0 short sword
 10474 | D:10     | Noticed a +0 falchion
 10475 | D:10     | Noticed a +0 dagger
 10475 | D:10     | Noticed a +0 spear
 10476 | D:10     | Noticed a +0 dagger
 10477 | D:10     | Noticed a +0 short sword
 10477 | D:10     | Noticed a +0 spear
 10478 | D:10     | Found a hide-covered altar of Uskayaw.
 10827 | D:10     | Found a staircase to the Lair.
 11178 | D:10     | Found a runed translucent gate.
 11179 | D:10     | Found a runed translucent gate.
 11180 | D:10     | Found a runed translucent gate.
 11185 | D:10     | Noticed Cheops's ghost (novice AtEE)
 11185 | D:10     | Noticed safid's ghost (journeyman MfIE)
 11185 | D:10     | Noticed turdburglar's ghost (journeyman HOMo)
 11523 | D:10     | Reached XP level 11. HP: 92/92 MP: 0/10
 11785 | D:10     | Killed Cheops's ghost
 11787 | D:10     | Killed safid's ghost
 11792 | D:10     | Killed turdburglar's ghost
 11866 | D:10     | Identified the +1 plate armour of Resilience {Fly}
 11890 | D:10     | Identified the +2 leather armour of Wihit {Rampage Will+
                  | Stlth-}
 12396 | D:11     | Noticed Fannar
 12415 | D:11     | Noticed Lodul
 12419 | D:11     | Killed Fannar
 12500 | D:11     | HP: 7/142 [Lodul/+0 great mace (14)]
 12500 | D:11     | HP: 2/142 [ogre/+0 giant spiked club[Lodul] (5)]
 12501 | D:11     | Killed Lodul
 12501 | D:11     | Slain by an ogre

Illustrated notes

Levels and vault maps discovered:
D:1:      mrwooster_arrival_statue_2, layout_loops_corners
D:2:      layout_basic, basic_altar, serial_rivers,
          chequers_serial_rivers_small_3, chequers_serial_rivers_micro_c,
          chequers_serial_rivers_micro_e, chequers_serial_rivers_micro_d,
          chequers_serial_rivers_room_b, minmay_quadrilaterals
D:3:      minmay_spotlight, layout_basic, nicolae_overflow_hallway_of_the_gods,
          hellmonk_ecumenical_altar_crossroads
D:4:      layout_cave_pods, uniq_sigmund
D:5:      layout_rooms, minmay_temple_entry_mini_moons,
          cheibrodos_sewer_entry_sluice, kennysheep_generic_room_10
D:6:      layout_rooms, uniq_grinder
D:7:      layout_gridville, general_overflow_altar, enter_bailey_5,
          palyth_stone_intersect
D:8:      layout_basic, tso_altar, mainiacjoe_overflow_alcove_2,
          trog_ov_bears_minmay, uniq_pikel, uniq_grum
D:9:      layout_loops_ring, serial_shops, nicolae_lakefront_shop, shop, shop,
          nicolae_shop_hallway_plus, st_stairs_7, amcnicky_mini_pool_small,
          uniq_maggie
D:10:     layout_loops_ring, nicolae_uskayaw_en_pointe, dpeg_oklobed_lair,
          gammafunk_ghost_cemetery, minmay_misc_feat_iff
D:11:     layout_basic, uniq_fannar, uniq_urug, uniq_lodul
Temple:   hellmonk_temple_micro_hex

Skill      XL: |  1  2  3  4  5  6  7  8  9 10 11 |
---------------+----------------------------------+-----
Axes           | 4 5 6 7 8 9 11 14 17 | 17.1
Fighting       | 7 8 |  8.7
Shields        | 6 7 |  7.8
Armour         | 6 9 |  9.1
Dodging        | |  2.1

Action                     |  1- 3 |  4- 6 |  7- 9 | 10-12 || total
---------------------------+-------+-------+-------+-------++-------
  Melee: Hand axe          |    64 |    69 |   179 |       ||   312
         Headbutt          |     8 |    13 |    34 |    24 ||    79
         Punch             |       |     2 |       |       ||     2
         War axe           |       |       |    50 |   163 ||   213
  Throw: Stone             |     1 |       |    30 |       ||    31
 Invoke: Berserk           |       |     4 |    11 |     7 ||    22
         Trog's Hand       |       |     2 |     4 |     6 ||    12
  Evoke: Wand              |       |       |     4 |     3 ||     7
    Use: Scroll            |     5 |     4 |    11 |     8 ||    28
         Potion            |       |       |     4 |     4 ||     8
 Armour: Ring mail         |    16 |       |       |       ||    16
         Plate armour      |     8 |    28 |   120 |    72 ||   228
         Scale mail        |     2 |       |       |       ||     2
         Skin              |       |       |     8 |     1 ||     9
  Dodge: Dodged            |    27 |    13 |    99 |    32 ||   171
  Block: Kite shield       |       |       |    44 |    45 ||    89
